 Dungeon Crawl Stone Soup version 0.28.0 (webtiles) character file.

Game seed: 2210637926944451423

509 zazu2006 the Magician (level 7, 0/58 HPs)
             Began as a Naga Hedge Wizard on Feb 15, 2022.
             Killed by nerve-wracking pain
             ... invoked by Menkaure
              (7 damage)
             ... on level 4 of the Dungeon.
             The game lasted 00:07:08 (4192 turns).

zazu2006 the Magician (Naga Hedge Wizard)           Turns: 4192, Time: 00:07:10

Health: 0/58       AC:  3    Str: 13    XL:     7   Next: 19%
Magic:  16/23      EV: 10    Int: 16    God:
Gold:   137        SH:  0    Dex: 10    Spells: 7/16 levels left

rFire   . . .      SeeInvis +   k - +2 falchion (holy)
rCold   . . .      Faith    .   (no shield)
rNeg    . . .      Spirit   .   b - +0 robe
rPois   +          Reflect  .   c - +0 hat
rElec   .          Harm     .   (no cloak)
rCorr   .          Rampage  .   (no gloves)
Will    .....                   (no barding)
Stlth   ++........              (no amulet)
HPRegen 0.19/turn               j - ring of magical power
MPRegen 0.18/turn               (no ring)

@: silenced, very slow
A: AC +2, large, see invisible, deformed body, poison resistance, slowness 2,
spit poison 1, naga tail 1
a: Spit Poison


You were on level 4 of the Dungeon.
You visited 1 branch of the dungeon, and saw 4 of its levels.

You collected 137 gold pieces.

Inventory:

Hand Weapons
 g - a +0 dagger of venom
 k - a +2 falchion of holy wrath (weapon)
 m - the +5 hand axe of Juahief {vorpal, Will+ Int+3}
   (You took it off a gnoll shaman on level 4 of the Dungeon)

   It inflicts extra damage upon your enemies.
   Int:       It affects your intelligence (+3).
   Will:      It increases your willpower.
Missiles
 f - 2 throwing nets
Armour
 b - a +0 robe (worn)
 c - a +0 hat (worn)
Jewellery
 j - a ring of magical power (left hand)
Scrolls
 a - 2 scrolls of identify {unknown}
 d - a scroll of enchant weapon {unknown}
 e - 2 scrolls of silence
 h - a scroll of immolation {unknown}
 l - a scroll of teleportation {unknown}
 n - a scroll of summoning {unknown}
Potions
 i - a potion of invisibility


   Skills:
 + Level 1.8 Fighting
 + Level 0.3 Long Blades
 + Level 2.5 Dodging
 + Level 5.1 Stealth
 + Level 5.1 Spellcasting
 + Level 3.2 Conjurations
 + Level 1.0 Summonings
 + Level 1.0 Translocations
 + Level 0.1 Air Magic
 * Level 1.7 Poison Magic


You had 7 spell levels left.
You knew the following spells:

 Your Spells              Type           Power      Damage    Failure   Level
a - Magic Dart            Conj           56%        1d5       4%          1
b - Mephitic Cloud        Conj/Pois/Air  9%         N/A       22%         3
c - Conjure Flame         Conj/Fire      9%         6-21      22%         3
d - Blink                 Tloc           14%        N/A       16%         2

Your spell library contained the following spells:

 Spells                   Type           Power      Damage    Failure   Level
 Slow                     Hex            16%        N/A       16%         1
 Call Imp                 Summ           7%         N/A       16%         2


Dungeon Overview and Level Annotations

Branches:
Dungeon (4/15)
 Temple: D:4-7

Altars:
Cheibriados
Kikubaaqudgha
Nemelex Xobeh
Qazlal
Beogh

Shops:
D:1 =

Annotations:
D:4 Menkaure


Innate Abilities, Weirdness & Mutations

Your serpentine skin is tough. (AC +2)
You have supernaturally acute eyesight. (SInv)
Armour fits poorly on your strangely shaped body.
Your system is resistant to poisons. (rPois)
You cover ground very slowly.
You can spit poison.
You have a snake-like lower body.


Message History

Aiming: Magic Dart (safe; 4% risk of failure)
Press: ? - help, Shift-Dir - straight line, f/p - adder zombie
Aim: an adder zombie (severely damaged, 100% to hit)
The magic dart hits the adder zombie.
The adder zombie is almost destroyed.
Casting: Magic Dart (safe; 4% risk of failure)
Confirm with . or Enter, or press ? or * to list all spells.
Aiming: Magic Dart (safe; 4% risk of failure)
Press: ? - help, Shift-Dir - straight line, f/p - adder zombie
Aim: an adder zombie (almost destroyed, 100% to hit)
The magic dart hits the adder zombie.
You destroy the adder zombie!
Menkaure calls on the powers of darkness!
Your body is wracked with pain!
* * * LOW HITPOINT WARNING * * *
Casting: Magic Dart (safe; 4% risk of failure)
Confirm with . or Enter, or press ? or * to list all spells.
Aiming: Magic Dart (safe; 4% risk of failure)
Press: ? - help, Shift-Dir - straight line, f - Menkaure
Aim: Menkaure (100% to hit)
The magic dart hits Menkaure.
Menkaure is lightly damaged.
You feel stable enough to blink again.
Casting: Magic Dart (safe; 4% risk of failure)
Confirm with . or Enter, or press ? or * to list all spells.
Aiming: Magic Dart (safe; 4% risk of failure)
Press: ? - help, Shift-Dir - straight line, f/p - Menkaure
Aim: Menkaure (lightly damaged, 100% to hit)
The magic dart hits Menkaure.
Menkaure is moderately damaged.
Menkaure calls on the powers of darkness!
Your body is wracked with pain!
* * * LOW HITPOINT WARNING * * *
Okay, then.
As you read the scroll labelled KIEDGH OCIELO, it crumbles to dust.
A profound silence engulfs you.
It was a scroll of silence.
Menkaure grins.
Menkaure casts a spell at you. Pain shoots through your body!
You die...

.? ..# . .. . .### ..#.. #..
....# ....##.#. #.. #.#.
.........## #..# ##.. _..._.#...#
#...##..## ........#.# #...)...#
).⌠.......##############...#.##
............M...@.............#
_..._........###########...#†.#
(........###........####.#..#.###
#......### ########...[).##......
##...## #.....######.## ####
#.....# #.## #.....# #.#. #.....#
#.#. ####### #...


You could see Menkaure.

Vanquished Creatures
  Sigmund (D:4)
  3 killer bees (D:4)
  A jelly (D:4)
  A centaur skeleton (D:4)
  A gnoll shaman (D:4)
  Natasha (D:4)
  3 adders
  3 gnolls (D:4)
  An adder zombie (D:4)
  A worm (D:3)
  A dart slug (D:1)
  An orc (D:3)
  11 endoplasms
  A giant cockroach (D:3)
  8 hobgoblins
  4 ball pythons
  3 bats
  3 frilled lizards
  2 goblins
  5 kobolds
  3 rats
58 creatures vanquished.

Vanquished Creatures (others)
  2 fungi (D:4)
2 creatures vanquished.

Grand Total: 60 creatures vanquished

Notes
Turn   | Place    | Note
-------+----------+-------------------------------------------
     0 | D:1      | zazu2006 the Naga Hedge Wizard began the quest for the Orb.
     0 | D:1      | Reached XP level 1. HP: 15/15 MP: 4/4
   165 | D:1      | Reached XP level 2. HP: 22/22 MP: 6/6
   386 | D:1      | Found Qajel's Jewellery Shop.
   893 | D:1      | Found a faded altar of an unknown god.
  1659 | D:2      | Reached XP level 3. HP: 28/28 MP: 4/8
  2925 | D:3      | Reached XP level 4. HP: 36/36 MP: 5/10
  2996 | D:4      | Reached XP level 5. HP: 7/43 MP: 11/11
  3013 | D:4      | Learned a level 3 spell: Mephitic Cloud
  3017 | D:4      | Learned a level 3 spell: Conjure Flame
  3020 | D:4      | Learned a level 2 spell: Blink
  3328 | D:4      | Noticed Sigmund
  3346 | D:4      | Killed Sigmund
  3347 | D:4      | Reached skill level 1 in Fighting
  3347 | D:4      | Reached XP level 6. HP: 32/51 MP: 3/13
  3632 | D:4      | Reached skill level 5 in Stealth
  3632 | D:4      | Reached skill level 5 in Spellcasting
  3718 | D:4      | Reached skill level 1 in Poison Magic
  3718 | D:4      | Reached XP level 7. HP: 57/57 MP: 9/14
  3850 | D:4      | Identified the +5 hand axe of Juahief {vorpal, Will+ Int+3}
  4168 | D:4      | Noticed Natasha
  4170 | D:4      | Found a stormy altar of Qazlal.
  4170 | D:4      | Found a snail-covered altar of Cheibriados.
  4173 | D:4      | Noticed Menkaure
  4174 | D:4      | Found an ancient bone altar of Kikubaaqudgha.
  4174 | D:4      | Found a sparkling altar of Nemelex Xobeh.
  4175 | D:4      | Killed Natasha
  4192 | D:4      | Killed from afar by Menkaure

Illustrated notes

Levels and vault maps discovered:
D:1:      doesnt_arrival_eight_statues, layout_basic,
          ebering_ecumenical_altar_hall, serial_shops,
          nicolae_shop_temple_entry_statues_fountains, minmay_curled_crystal,
          minmay_misc_feat_iff, corexii_hall_statues_deadend
D:2:      layout_basic
D:3:      layout_rooms, nicolae_yredelemnul_corpse_copse, kennysheep_orc_chapel
D:4:      layout_rooms, grunt_temple_overflow_open, lemuel_temple_firewalk_a,
          uniq_sigmund, uniq_crazy_yiuf_cottage, uniq_menkaure, uniq_natasha

Skill      XL: |  1  2  3  4  5  6 |
---------------+-------------------+-----
Spellcasting   | 4 5 |  5.1
Stealth        | 4 5 |  5.1
Conjurations   | 2 3 |  3.2
Dodging        | 2 |  2.5
Fighting       | 1 |  1.8
Poison Magic   | 1 |  1.7
Long Blades    | |  0.3
Summonings     | |  1.0
Translocations | |  1.0
Air Magic      | |  0.1

Action                   |  1- 3 |  4- 6 |  7- 9 || total
-------------------------+-------+-------+-------++-------
Melee: Dagger            |    24 |    22 |       ||    46
       Falchion          |     6 |     5 |    10 ||    21
       Hand axe          |       |       |     1 ||     1
 Cast: Magic Dart        |    86 |    24 |    31 ||   141
       Mephitic Cloud    |       |     2 |     2 ||     4
       Conjure Flame     |       |       |     1 ||     1
       Blink             |       |       |     1 ||     1
 Abil: Spit Poison       |    10 |     5 |     3 ||    18
  Use: Potion            |       |     2 |       ||     2
       Scroll            |       |       |     1 ||     1
 Stab: Invisible         |       |     2 |       ||     2
       Confused          |       |       |     1 ||     1
Armor: Robe              |     4 |     7 |     2 ||    13
Dodge: Dodged            |    18 |    41 |     9 ||    68
